 Dungeon Crawl Stone Soup version 0.27-a0-650-g8dd3ea4f36 (webtiles) character file.

Game seed: 3430999233585533965

742 Lanoc the Sneak (level 7, -20/54 HPs)
             Began as a Mummy Brigand on Mar 15, 2021.
             Was a Plaything of Xom.
             Killed from afar by Maggie (22 damage)
             ... with a bolt of fire
             ... on level 6 of the Dungeon.
             The game lasted 00:06:45 (5429 turns).

Lanoc the Sneak (Mummy Brigand)                     Turns: 5429, Time: 00:06:46

Health: -20/54     AC:  7    Str: 15    XL:     7   Next: 47%
Magic:  7/7        EV: 12    Int: 14    God:    Xom [....*.]
Gold:   246        SH:  3    Dex: 15    Spells: 6/6 levels left

rFire    x . .     SeeInvis .   i - +3 short sword
rCold    + . .     Faith    .   n - +0 buckler
rNeg     + + +     Spirit   .   p - +3 robe of Cowardice {Int+4}
rPois    ∞         Reflect  .   (no helmet)
rElec    .         Harm     .   c - +0 cloak
rCorr    .         Rampage  .   a - +0 pair of gloves
Will     .....                  (no boots)
Stlth    +++++.....             (no amulet)
HPRegen  0.18/turn              (no ring)
MPRegen  0.10/turn              (no ring)

@: especially stealthy
A: cold resistance 1, negative energy resistance 3, torment resistance 2,
unbreathing 1, heat vulnerability 1, no potions
a: Renounce Religion


You were on level 6 of the Dungeon.
You worshipped Xom.
You were a beloved toy of Xom.
You visited 1 branch of the dungeon, and saw 6 of its levels.

You collected 246 gold pieces.

Inventory:

Hand Weapons
 i - a +3 short sword (weapon)
Missiles
 d - 28 poisoned darts (quivered)
 k - 2 curare-tipped darts
Armour
 a - a +0 pair of gloves (worn)
 c - a +0 cloak (worn)
 n - a +0 buckler (worn)
 p - the +3 robe of Cowardice (worn) {Int+4}
   (You found it on level 5 of the Dungeon)

   It affects your intelligence (+4).
Wands
 b - a wand of acid (6)
 e - a wand of random effects (16)
Scrolls
 f - 8 scrolls of identify {unknown}
 g - a scroll of fear {unknown}
 h - 5 scrolls of magic mapping {unknown}
 j - 5 scrolls of teleportation {unknown}
 l - 3 scrolls of fog {unknown}
 m - a scroll of immolation {unknown}
 o - a scroll of enchant armour {unknown}


   Skills:
 + Level 4.1 Fighting
 + Level 3.3 Short Blades
 + Level 3.4 Throwing
 + Level 3.0 Dodging
 + Level 4.6 Stealth


You had 6 spell levels left.
You didn't know any spells.
Your spell library was empty.

Dungeon Overview and Level Annotations

Branches:
Dungeon (6/15)
 Temple: D:4-7

Altars:
Fedhas
Makhleb
Nemelex Xobeh
Qazlal
Ru
Xom
The Shining One

Annotations:
D:3 2 transporters, ggurman's ghost, weakling MiIE
D:6 Blork the orc; Maggie


Innate Abilities, Weirdness & Mutations

You are immune to poison.
Your flesh is cold resistant. (rC+)
You are immune to negative energy. (rN+++)
You are immune to unholy pain and torment.
You can survive without breathing.
You are vulnerable to heat. (rF-)
You do not drink.


Message History

You hit Blork the orc.
Blork the orc is moderately wounded.
Blork the orc barely misses you. Maggie barely misses you.
You hit Blork the orc.
Blork the orc is severely wounded.
Blork the orc splashes around in the water.
Maggie barely misses you.
You barely miss Blork the orc.
Blork the orc is severely wounded.
Blork the orc closely misses you. Maggie gestures at you while chanting.
The bolt of fire hits you! The fire burns you terribly!
Xom thinks this is hilarious!
Blork the orc closely misses you.
You closely miss Blork the orc.
Blork the orc is severely wounded.
Maggie closely misses you.
Blork the orc splashes around in the water.
You closely miss Blork the orc.
Blork the orc is heavily wounded.
Maggie hits you from afar with a +1 vorpal halberd.
Blork the orc closely misses you.
You closely miss Blork the orc.
Blork the orc is heavily wounded.
Maggie mumbles some strange words.
Maggie attempts to bespell you!
You easily resist.
Blork the orc barely misses you.
You closely miss Blork the orc.
Blork the orc is heavily wounded.
Maggie hits you from afar with a +1 vorpal halberd!
* * * LOW HITPOINT WARNING * * *
x2 Blork the orc splashes around in the water.
You see here a +0 club.
Blork the orc casts a spell at you. The puff of frost hits you. You resist.
* * * LOW HITPOINT WARNING * * *
Maggie casts a spell at you. The bolt of fire hits you!!
The fire burns you terribly!
You die...
Xom laughs nastily!

..### #.....≈≈............
#>...####....≈≈...........#.
#...#....≈....≈≈.......†#
#......≈..≈≈..≈........
##.#....≈≈.)..≈.......#
#.#.......⌠≈o@......#.
####.#......≈≈⌠).......#
#....#.....≈....≈≈......#
####.#####....≈.@≈≈..≈...#..
.....#####.....≈≈....≈.....#
...................≈≈.....##
...#######........≈≈......#
.....<..##.###≈≈≈≈≈≈###.#.#
.....<..## ##≈≈≈≈## #..#
.......... ###### #.........
#.......##


You could see Maggie and Blork the orc.

Vanquished Creatures
  Eustachio (D:4)
  An ice beast (D:5)
  An ogre (D:4)
  An orc priest (D:4)
  A hound (D:5)
  3 worker ants (D:4)
  An orc wizard (D:6)
  A hound skeleton (D:2)
  6 gnolls
  10 adders
  An adder skeleton (D:4)
  4 worms
  2 dart slugs
  6 leopard geckos
  3 orcs
  2 ball pythons
  6 bats
  7 giant cockroaches
  4 hobgoblins
  5 quokkas
  4 frilled lizards
  5 kobolds (D:2)
  A quokka skeleton (D:4)
  6 rats
82 creatures vanquished.

Vanquished Creatures (others)
  A necrophage (D:5)
  A quokka (D:6)
  5 fungi (D:3)
  2 plants (D:3)
9 creatures vanquished.

Grand Total: 91 creatures vanquished

Notes
Turn   | Place    | Note
-------+----------+-------------------------------------------
     0 | D:1      | Lanoc the Mummy Brigand began the quest for the Orb.
     0 | D:1      | Reached XP level 1. HP: 16/16 MP: 1/1
   456 | D:2      | Found a shimmering altar of Xom.
   456 | D:2      | Found a sparkling altar of Nemelex Xobeh.
   464 | D:2      | Became a worshipper of Xom of Chaos
   620 | D:2      | XOM: silly message
   631 | D:2      | Reached skill level 1 in Dodging
   631 | D:2      | Reached XP level 2. HP: 21/22 MP: 2/2
   679 | D:2      | Reached XP level 3. HP: 28/28 MP: 3/3
  1080 | D:2      | Reached XP level 4. HP: 26/34 MP: 4/4
  1287 | D:2      | Found a sacrificial altar of Ru.
  1308 | D:2      | XOM is BORED!
  1353 | D:2      | XOM: 2-stop teleportation journey
  1425 | D:3      | Found a transporter.
  1430 | D:3      | Noticed ggurman's ghost (weakling MiIE)
  1471 | D:3      | XOM: summons 3 hostile demons
  1494 | D:3      | HP: 1/34 [crimson imp[Xom] (1)]
  1500 | D:3      | HP: 1/34 [crimson imp[Xom] (1)]
  1992 | D:3      | XOM: 5-stop teleportation journey
  2079 | D:3      | Found a blossoming altar of Fedhas.
  2079 | D:3      | XOM: 1-stop teleportation journey
  2217 | D:3      | XOM: silly message
  2316 | D:3      | Found a transporter.
  2656 | D:3      | XOM: divination: detect items
  2744 | D:4      | Noticed Eustachio
  2746 | D:4      | Reached XP level 5. HP: 40/40 MP: 5/5
  2757 | D:4      | XOM: butterfly on damage
  2772 | D:4      | XOM: blink monster(s)
  2828 | D:3      | XOM: god gift: 27 stones
  3039 | D:4      | XOM: potion effect (haste)
  3043 | D:4      | XOM: potion effect (curing)
  3060 | D:4      | Killed Eustachio
  3061 | D:4      | Reached XP level 6. HP: 12/47 MP: 6/6
  3456 | D:4      | XOM: silly message
  3590 | D:4      | XOM: 6-stop teleportation journey
  3602 | D:4      | Found a stormy altar of Qazlal.
  3883 | D:4      | Reached XP level 7. HP: 53/53 MP: 7/7
  3967 | D:4      | XOM: noise
  4061 | D:5      | Entered Level 5 of the Dungeon
  4070 | D:5      | XOM: 1-stop teleportation journey
  4124 | D:5      | XOM: silly message
  4214 | D:5      | XOM: 4-stop teleportation journey
  4717 | D:5      | XOM: fog
  4725 | D:5      | XOM: divine lightning
  4875 | D:5      | Found a burning altar of Makhleb.
  5124 | D:5      | Identified the +3 robe of Cowardice {Int+4}
  5376 | D:6      | XOM: stealth player
  5408 | D:6      | Noticed Blork the orc
  5412 | D:6      | Noticed Maggie
  5412 | D:6      | XOM: destruction
  5429 | D:6      | HP: 2/54 [Blork the orc/puff of frost (1)]
  5429 | D:6      | Killed from afar by Maggie

Illustrated notes

Levels and vault maps discovered:
D:1:      co_arrival_random_square_maze, layout_loops_corners
D:2:      layout_loops_ring, gammafunk_temple_overflow_elements,
          nicolae_ru_sacrificial_ziggurat
D:3:      layout_loops_ring, fedhas_altar_3, gammafunk_ghost_stat_death
D:4:      layout_loops_cross, nicolae_qazlal_eye_of_the_storm, uniq_eustachio
D:5:      layout_loops_corners, overflow_temple_1_default, tso_metal_star
D:6:      cheibrodos_helix_gallery, layout_rooms,
          minmay_temple_entry_mini_moons, hex_intersection,
          sigmund_edmund_badplayer, uniq_blork_the_orc, uniq_maggie

Skill      XL: |  1  2  3  4  5  6  7 |
---------------+----------------------+-----
Dodging        | 1 2 3 |  3.0
Short Blades   | 2 3 |  3.3
Throwing       | 2 3 |  3.4
Fighting       | 3 4 |  4.1
Stealth        | 4 |  4.6

Action                   |  1- 3 |  4- 6 |  7- 9 || total
-------------------------+-------+-------+-------++-------
Melee: Dagger            |    35 |       |       ||    35
       Short sword       |    21 |   176 |    87 ||   284
Throw: Dart              |       |     8 |       ||     8
 Stab: Sleeping          |     4 |    14 |     5 ||    23
       Distracted        |       |     1 |       ||     1
Armor: Robe              |     8 |    60 |     1 ||    69
       Leather armour    |       |     5 |    17 ||    22
Dodge: Dodged            |    22 |   126 |    50 ||   198
Block: Buckler           |       |       |     6 ||     6

Table legend: (Time is in decaauts)
 A = Elapsed time spent in this place.
 B = Non-inter-level travel time spent in this place.
 C = Inter-level travel time spent in this place.
 D = Time resting spent in this place.
 E = Time spent auto-exploring this place.
 F = Levels seen in this place.
 G = Mean time per level.
                   A        B        C        D        E       F      G
               +--------+--------+--------+--------+--------+-----+--------+
         Total |   5399 |   5225 |    174 |    251 |   4206 |   6 |  899.8 |
       Dungeon |   5399 |   5225 |    174 |    251 |   4206 |   6 |  899.8 |
               +--------+--------+--------+--------+--------+-----+--------+

Top non-repeatable levels by time:
     D:3: 1581 daAuts
     D:5: 1312 daAuts
     D:4: 1047 daAuts
     D:2: 971 daAuts
     D:1: 432 daAuts
     D:6: 53 daAuts
